 Dungeon Crawl Stone Soup version 0.25-a0-353-ged6d54792d (webtiles) character file.

Game seed: 16279087108510426013, levelgen mode: deterministic

58 PentaManta the Sneak (level 3, 0/18 HPs)
             Began as a Spriggan Assassin on Jan 2, 2020.
             Killed from afar by an orc wizard (8 damage)
             ... with a magic dart
             ... on level 1 of the Dungeon.
             The game lasted 00:04:09 (1556 turns).

PentaManta the Sneak (Spriggan Assassin)            Turns: 1556, Time: 00:04:10

Health: 0/18       AC:  3    Str:  7    XL:     3   Next: 76%
Magic:  4/4        EV: 19    Int: 12    God:
Gold:   58         SH:  0    Dex: 18    Spells: 2/2 levels left

rFire    . . .     SeeInvis +   a - +2 dagger
rCold    . . .     Gourm    .   (shield restricted)
rNeg     . . .     Faith    .   b - +0 robe
rPois    .         Spirit   .   (helmet restricted)
rElec    .         Reflect  .   c - +0 cloak
rCorr    .         Harm     .   (gloves unavailable)
MR       .....                  (boots unavailable)
Stlth    ++++......             (no amulet)
HPRegen  0.06/turn              (no ring)
MPRegen  0.09/turn              (no ring)

@: very quick
A: very small, unfitting armour, see invisible, herbivore, speed 3, slow
metabolism 2
a: no special abilities


You were on level 1 of the Dungeon.
You were not hungry.

You visited 1 branch of the dungeon, and saw 3 of its levels.

You collected 58 gold pieces.

Inventory:

Hand Weapons
 a - a +2 dagger (weapon)
 k - a +0 short sword
Missiles
 d - 8 poisoned darts
 e - a curare-tipped dart (quivered)
Armour
 b - a +0 robe (worn)
 c - a +0 cloak (worn)
Scrolls
 j - a scroll of teleportation
Potions
 g - a potion of might {unknown}
 h - 2 potions of heal wounds
 i - a potion of lignification
 l - 2 potions of mutation
Comestibles
 f - 4 rations


   Skills:
 - Level 1.5 Fighting
 + Level 2.9 Short Blades
 - Level 2.0 Throwing
 * Level 4.0 Dodging
 + Level 6.5 Stealth


You had 2 spell levels left.
You didn't know any spells.
Your spell library was empty.

Dungeon Overview and Level Annotations

Branches:
Dungeon (3/15)

Altars:

Annotations:
D:2 1 runed translucent door, Crazy Yiuf


Innate Abilities, Weirdness & Mutations

You are very small and have problems with some larger weapons.
You are too small for most types of armour.
You have supernaturally acute eyesight. (SInv)
You are a herbivore.
You cover ground extremely quickly.
You need to consume almost no food.


Message History

Throwing (i - inventory. (/) - cycle)
e - a curare-tipped dart (quivered)
Press: ? - help, Shift-Dir - straight line, f/p - orc wizard
Aim: an orc wizard, wielding a +0 dagger and wearing a +0 robe (fast)
You throw a curare-tipped dart.
The curare-tipped dart hits the orc wizard.
The orc wizard is poisoned.
The orc wizard convulses.
The orc wizard seems to slow down.
The orc wizard is heavily wounded.
The orc wizard misses you.
The orc wizard gestures wildly while chanting.
The orc wizard blinks!
You see here a curare-tipped dart.
e - a curare-tipped dart You hit the orc wizard.
The orc wizard is almost dead.
The orc wizard gestures wildly while chanting.
The orc wizard blinks!
The orc wizard points at you and mumbles some strange words.
The magic dart hits you!
You die...

......#
#.##.##.#
##....#
#.##.##.#
#....#
#.##..#.#
####..#
#.###.#.#
.###..#
#.###...#
##♣...#
#....).(#
#♣≈≈..#
#......>#
≈≈≈≈(.#
##....###
#♣≈≈..#
#####..@.#
##♣...#
#....§...#
.###..#
#......###
#######
#......#
...#
#.o....#
##.#
########
#.# #.#
##.#


You could see an orc wizard.

Vanquished Creatures
  2 adders (D:2)
  A worm (D:2)
  A dart slug (D:1)
  A leopard gecko (D:1)
  2 giant cockroaches (D:1)
  4 goblins (D:1)
  6 hobgoblins
  2 jackals (D:2)
  6 bats
  3 frilled lizards
  4 kobolds
  3 rats
35 creatures vanquished.

Notes
Turn   | Place    | Note
-------+----------+-------------------------------------------
     0 | D:1      | PentaManta the Spriggan Assassin began the quest for the
                  | Orb.
     0 | D:1      | Reached XP level 1. HP: 10/10 MP: 2/2
   129 | D:1      | Reached skill level 6 in Stealth
   192 | D:1      | Reached XP level 2. HP: 13/14 MP: 3/3
   739 | D:2      | Reached XP level 3. HP: 18/18 MP: 4/4
   878 | D:2      | Found a runed translucent door.
   879 | D:2      | Noticed Crazy Yiuf
  1556 | D:1      | Killed from afar by an orc wizard

Levels and vault maps discovered:
D:1:      sevenhm_arrival_forest_fort_small_4, layout_basic
D:2:      layout_basic, first_ration, uniq_crazy_yiuf_cottage
D:3:      layout_rooms, gammafunk_temple_overflow_elements,
          minmay_misc_feat_tiny, uniq_robin

Skill      XL: |  1  2  3 |
---------------+----------+-----
Dodging        | 2 3 4 |  4.0
Stealth        | 6 |  6.5
Fighting       | |  1.5
Short Blades   | |  2.9
Throwing       | |  2.0

Action                   || total
-------------------------++-------
Melee: Dagger            ||   156
Throw: Dart              ||     2
  Use: Scroll            ||     6
 Stab: Sleeping          ||    13
Armor: Robe              ||    28
Dodge: Dodged            ||   128

Table legend:
 A = Non-vault XP
 B = Vault XP
 C = Vault XP percentage of total XP
 D = Non-vault monster count
 E = Vault monster count
 F = Vault count percentage of total count
                 A         B        C        D         E       F
            +---------+---------+-------+---------+---------+-------
      Total |      84 |       0 |   0.0 |      35 |       0 |   0.0
            +---------+---------+-------+---------+---------+-------
        D:1 |      37 |       0 |   0.0 |      21 |       0 |   0.0
        D:2 |      47 |       0 |   0.0 |      14 |       0 |   0.0
            +---------+---------+-------+---------+---------+-------
